 Dungeon Crawl Stone Soup version 0.28-a0-410-gbef64dd269 (webtiles) character file.

Game seed: 12261803183458311621

191 olmar the Covered (level 5, -1/33 HPs)
             Began as a Gargoyle Fighter on Sept 6, 2021.
             Killed by divine providence
             ... invoked by an orc priest
              (17 damage)
             ... on level 4 of the Dungeon.
             The game lasted 00:05:30 (3920 turns).

olmar the Covered (Gargoyle Fighter)                Turns: 3920, Time: 00:05:31

Health: -1/33      AC: 13    Str: 20    XL:     5   Next: 70%
Magic:  5/5        EV: 10    Int:  9    God:
Gold:   137        SH:  4    Dex:  9    Spells: 4/4 levels left

rFire   . . .      SeeInvis .   a - +0 flail
rCold   . . .      Faith    .   c - +0 buckler
rNeg    + . .      Spirit   .   i - +0 swamp dragon scales
rPois   ∞          Reflect  .   (no helmet)
rElec   +          Harm     .   (no cloak)
rCorr   .          Rampage  .   k - +0 pair of gloves
Will    .....                   (no boots)
Stlth   +.........              (no amulet)
HPRegen 0.11/turn               (no ring)
MPRegen 0.09/turn               (no ring)

@: no status effects
A: sickness immunity, AC +4, negative energy resistance 1, electricity
resistance, torment resistance 1, petrification resistance
a: no special abilities


You were on level 4 of the Dungeon.
You visited 1 branch of the dungeon, and saw 4 of its levels.

You collected 137 gold pieces.

Inventory:

Hand Weapons
 a - a +0 flail (weapon)
Armour
 b - a +0 scale mail
 c - a +0 buckler (worn)
 f - a +0 plate armour
 i - +0 swamp dragon scales (worn)
 k - a +0 pair of gloves (worn)
Jewellery
 l - an amulet of regeneration
Scrolls
 e - a scroll of noise {unknown}
 g - a scroll of enchant armour {unknown}
Potions
 d - a potion of might
 h - a potion of brilliance {unknown}
 j - a potion of berserk rage {unknown}


   Skills:
 + Level 4.2 Fighting
 + Level 3.5 Maces & Flails
 + Level 4.3 Armour
 + Level 1.1 Dodging
 + Level 0.5 Stealth
 + Level 3.9 Shields


You had 4 spell levels left.
You didn't know any spells.
Your spell library contained the following spells:

 Spells                   Type           Power      Damage    Failure   Level
 Animate Skeleton         Necr           0%         N/A       56%         1
 Pain                     Necr           0%         1d4       56%         1
 Vampiric Draining        Necr           0%         2d6       90%         3


Dungeon Overview and Level Annotations

Branches:
Dungeon (4/15)
 Temple: D:4-7

Altars:


Innate Abilities, Weirdness & Mutations

You are immune to sickness and miasma.
Your stone body is resilient. (AC +4)
You are immune to poison.
You resist negative energy. (rN+)
You are resistant to electric shocks. (rElec)
You are resistant to unholy torment.
You are immune to petrification.


Message History

The kobold barely misses you.
An orc priest comes into view. It is wielding a +0 club.
You barely miss the kobold.
The orc priest shouts!
An orc priest comes into view. It is wielding a +0 dagger.
The kobold hits you but does no damage.
An orc comes into view. It is wielding a +0 club.
The orc priest shouts!
The ball python barely misses you. The ball python closely misses you.
There is a stone staircase leading up here.
You block the ball python's attack. The ball python grabs you.
You stop ascending the stairs.
The ball python constricts you. The kobold hits you but does no damage.
The ball python bites you but does no damage.
The ball python constricts you.
Unknown command.
You hit the ball python.
You kill the ball python!
The kobold hits you but does no damage. The orc barely misses you.
Unknown command.
You hit the orc.
The orc is severely wounded.
The orc priest calls down the wrath of Beogh upon you.
Beogh smites you!
The kobold hits you with a +0 short sword.
The orc closely misses you. The orc hits you but does no damage.
Unknown command.
You hit the orc.
You kill the orc!
The kobold barely misses you.
The orc hits you with a +2 whip of electrocution.
Unknown command.
You barely miss the orc. The kobold completely misses you.
The orc hits you with a +2 whip of electrocution.
The kobold hits you with a +0 short sword.
Unknown command.
The orc priest mumbles some strange prayers to Beogh against you.
Beogh smites you!
Ouch! That really hurt!
You die...

#.......##.o.o...#
#....)..##....o..#
#........#.....?.#
#........#.o.....#
#........#.......#
#.......##.......#
#.......##.......#
#...o..o.........#
#..@)oo..........#
#...K............#
##########..=....#
#......##
........#
........#
........#


You could see 2 orc priests, 2 orcs and a kobold.

Vanquished Creatures
  An orc priest (D:3)
  4 adders
  3 gnolls (D:3)
  An ufetubus (D:2)
  An adder skeleton (D:4)
  A worm (D:2)
  2 dart slugs
  9 orcs
  6 ball pythons
  6 bats
  5 endoplasms
  2 giant cockroaches
  8 goblins
  5 hobgoblins
  4 jackals (D:1)
  5 kobolds
  2 quokkas
  3 frilled lizards
  4 rats
72 creatures vanquished.

Notes
Turn   | Place    | Note
-------+----------+-------------------------------------------
     0 | D:1      | olmar the Gargoyle Fighter began the quest for the Orb.
     0 | D:1      | Reached XP level 1. HP: 14/14 MP: 1/1
   157 | D:1      | Reached XP level 2. HP: 19/19 MP: 2/2
   620 | D:1      | Found a faded altar of an unknown god.
   634 | D:1      | Got Plato's Reference Book on Unholy Rituals
   679 | D:1      | Reached XP level 3. HP: 23/23 MP: 3/3
  1469 | D:2      | Reached XP level 4. HP: 25/29 MP: 4/4
  2136 | D:3      | Reached XP level 5. HP: 7/33 MP: 5/5
  3106 | D:3      | Reached skill level 1 in Dodging
  3920 | D:4      | Killed from afar by an orc priest

Illustrated notes

Levels and vault maps discovered:
D:1:      arrival_zaba_pyramid, layout_rooms,
          shapermc_ecumenical_altar_rom_forum, kennysheep_crisscross
D:2:      layout_basic
D:3:      layout_basic
D:4:      layout_gridville, uniq_sigmund

Skill      XL: |  1  2  3  4  5 |
---------------+----------------+-----
Fighting       | 4 |  4.2
Maces & Flails | 3 |  3.5
Armour         | 4 |  4.3
Dodging        | 1 |  1.1
Stealth        | |  0.5
Shields        | |  3.9

Action                   |  1- 3 |  4- 6 || total
-------------------------+-------+-------++-------
Melee: Flail             |   116 |   144 ||   260
  Use: Potion            |       |     1 ||     1
       Scroll            |       |     3 ||     3
Armor: Scale mail        |     4 |       ||     4
       Plate armour      |    66 |       ||    66
       Swamp dragon scal |    22 |   115 ||   137
Dodge: Dodged            |    52 |   104 ||   156
Block: Buckler           |    28 |    34 ||    62

Table legend: (Time is in decaauts)
 A = Elapsed time spent in this place.
 B = Non-inter-level travel time spent in this place.
 C = Inter-level travel time spent in this place.
 D = Time resting spent in this place.
 E = Time spent auto-exploring this place.
 F = Levels seen in this place.
 G = Mean time per level.
                   A        B        C        D        E       F      G
               +--------+--------+--------+--------+--------+-----+--------+
         Total |   3981 |   3869 |    112 |    888 |   2323 |   4 |  995.2 |
       Dungeon |   3981 |   3869 |    112 |    888 |   2323 |   4 |  995.2 |
               +--------+--------+--------+--------+--------+-----+--------+

Top non-repeatable levels by time:
     D:3: 1453 daAuts
     D:2: 1407 daAuts
     D:1: 1032 daAuts
     D:4: 89 daAuts
